 Dungeon Crawl Stone Soup version 0.27-a0-1548-gf8a67e7463 (webtiles) character file.

Game seed: 10576037340199848673

396 Delamore the Twirler (level 7, 0/84 HPs)
             Began as a Formicid Fighter on July 14, 2021.
             Slain by a centaur zombie (4 damage)
             ... in an ossuary.
             The game lasted 00:04:20 (3994 turns).

Delamore the Twirler (Formicid Fighter)             Turns: 3994, Time: 00:04:20

Health: 0/84       AC: 23    Str: 21 (23) XL:     7   Next: 9%
Magic:  7/7        EV:  2    Int:  6 (7)  God:
Gold:   161        SH:  9    Dex:  8 (10) Spells: 6/6 levels left

rFire    . . .     SeeInvis .   a - +0 quarterstaff
rCold    . . .     Faith    .   c - +0 kite shield
rNeg     + + +     Spirit   .   (armour currently unavailable)
rPois    +         Reflect  .   (helmet unavailable)
rElec    .         Harm     .   (cloak currently unavailable)
rCorr    .         Rampage  .   (gloves currently unavailable)
Will     .....                  (boots currently unavailable)
Stlth    +.........             (no amulet)
HPRegen  0.24/turn              (no ring)
MPRegen  0.10/turn              (no ring)

@: tree-form, marked
A: stationary, stasis, torment immunity, boosted hp, permanent stasis, dig
shafts and tunnels, (antennae 3), four strong arms
a: no special abilities


You were in an ossuary.
You were a tree.
You visited 1 branch of the dungeon, and saw 4 of its levels.
You also visited: Ossuary.

You collected 161 gold pieces.

Inventory:

Hand Weapons
 a - a +0 quarterstaff (weapon)
Missiles
 g - 12 boomerangs
 t - 7 poisoned darts
Armour
 b - a +0 scale mail
 c - a +0 kite shield (worn)
 f - a +0 chain mail (melded)
 o - a +0 cloak
Wands
 m - a wand of paralysis (2) (quivered)
 n - a wand of polymorph (2)
Scrolls
 i - 2 scrolls of teleportation
 r - a scroll of magic mapping
 s - 2 scrolls of immolation
Potions
 d - 2 potions of might
 e - a potion of attraction
 k - a potion of berserk rage


   Skills:
 - Level 5.0 Fighting
 * Level 6.1 Staves
 - Level 3.2 Armour
 - Level 3.6 Shields


You had 6 spell levels left.
You didn't know any spells.
Your spell library contained the following spells:

 Spells                   Type           Power      Damage    Failure   Level
 Poisonous Vapours        Pois/Air       0%         N/A       94%         2
 Gell's Gravitas          Tloc           0%         N/A       99%         3
 Lesser Beckoning         Tloc           0%         N/A       99%         3
 Mephitic Cloud           Conj/Pois/Air  0%         N/A       99%         3
 Ozocubu's Armour         Ice            0%         N/A       99%         3
 Teleport Other           Tloc           0%         N/A       99%         3
 Freezing Cloud           Conj/Ice/Air   0%         6-21      100%        5
 Metabolic Englaciation   Hex/Ice        0%         N/A       100%        5
 Simulacrum               Ice/Necr       0%         N/A       100%        6


Dungeon Overview and Level Annotations

Branches:
Dungeon (4/15)            Ossuary (1/1)
 Temple: D:4-7

Altars:

Shops:
D:3 (


Innate Abilities, Weirdness & Mutations

You are a tree.
Your roots penetrate the ground, keeping you stationary.
You cannot be teleported.
You are immune to unholy pain and torment.
Your maximum health is greatly increased.
Your equipment is partially melded.
You cannot be hasted, slowed, berserked, paralysed or teleported.
You can dig through walls and to a lower floor.
((You have a pair of large antennae on your head. (SInv)))
Your four strong arms can wield two-handed weapons with a shield.


Message History

You hit the mummy.
The mummy is lightly damaged.
The centaur zombie hits you but does no damage.
The centaur zombie kicks you.
* * * LOW HITPOINT WARNING * * *
You block the centaur zombie's attack. x2
The centaur zombie hits you but does no damage.
The centaur zombie kicks you but does no damage.
The centaur zombie hits you.
* * * LOW HITPOINT WARNING * * *
The centaur zombie kicks you but does no damage.
The centaur zombie hits you but does no damage.
The centaur zombie kicks you but does no damage.
The centaur zombie hits you but does no damage.
The centaur zombie kicks you but does no damage.
The centaur zombie hits you but does no damage.
The centaur zombie kicks you but does no damage.
The centaur zombie hits you but does no damage.
The centaur zombie kicks you but does no damage.
The mummy barely misses you. The centaur zombie barely misses you.
The centaur zombie kicks you but does no damage.
Your shield prevents you from hitting the mummy.
The mummy is lightly damaged.
The centaur zombie hits you.
* * * LOW HITPOINT WARNING * * *
The centaur zombie kicks you but does no damage.
The centaur zombie hits you but does no damage.
The centaur zombie kicks you but does no damage.
You block the centaur zombie's attack.
The centaur zombie kicks you but does no damage.
The centaur zombie hits you but does no damage.
The centaur zombie kicks you but does no damage.
The centaur zombie hits you but does no damage.
The centaur zombie completely misses you.
The centaur zombie hits you but does no damage.
The centaur zombie kicks you but does no damage.
The centaur zombie hits you but does no damage.
The centaur zombie kicks you but does no damage.
The centaur zombie hits you.
You die...

#
#.###########
...^....Z...##
^.....ZZZM...#
.....∩ZZ♣....#
......ZZZZ...#
.^.^...ZZ...##
#.###########
#


You could see a mummy, 4 hobgoblin zombies and 8 centaur zombies.

Vanquished Creatures
  2 orc priests
  A gnoll shaman (D:4)
  Terence (D:2)
  A scorpion zombie (D:3)
  Natasha (twice) (D:2)
  2 mummies (Ossuary)
  Robin (D:2)
  A gnoll (D:4)
  An adder (D:2)
  2 worms (D:2)
  7 dart slugs
  8 orcs
  5 bats
  7 endoplasms
  4 giant cockroaches
  15 goblins
  9 hobgoblins
  15 jackals
  3 quokkas
  9 ball pythons
  6 frilled lizards
  9 kobolds
  6 rats
117 creatures vanquished.

Vanquished Creatures (others)
  4 fungi (D:1)
  11 plants
15 creatures vanquished.

Grand Total: 132 creatures vanquished

Notes
Turn   | Place    | Note
-------+----------+-------------------------------------------
     0 | D:1      | Delamore the Formicid Fighter began the quest for the Orb.
     0 | D:1      | Reached XP level 1. HP: 18/18 MP: 1/1
     2 | D:1      | Noticed a gargoyle
     2 | D:1      | Noticed an octopode
     4 | D:1      | Noticed a formicid
     4 | D:1      | Noticed a minotaur
     6 | D:1      | Noticed an ogre
     8 | D:1      | Noticed a barachi
     8 | D:1      | Noticed a vine stalker
    10 | D:1      | Noticed a naga
    10 | D:1      | Noticed an elf
    12 | D:1      | Noticed a demonspawn
    14 | D:1      | Noticed a djinni
    14 | D:1      | Noticed a demigod
    16 | D:1      | Noticed a dwarf
    16 | D:1      | Noticed a spriggan
    18 | D:1      | Noticed a draconian
    18 | D:1      | Noticed a human
    20 | D:1      | Noticed a palentonga
    20 | D:1      | Noticed a felid
    22 | D:1      | Noticed a troll
    24 | D:1      | Noticed a tengu
    24 | D:1      | Noticed a vampire
    26 | D:1      | Noticed a ghoul
    26 | D:1      | Noticed a merfolk
    84 | D:1      | Reached XP level 2. HP: 12/24 MP: 2/2
   392 | D:1      | Reached XP level 3. HP: 30/30 MP: 3/3
   403 | D:1      | Found a faded altar of an unknown god.
   452 | D:1      | Reached skill level 3 in Staves
  1164 | D:1      | Reached XP level 4. HP: 37/37 MP: 4/4
  1560 | D:2      | Reached skill level 4 in Staves
  1567 | D:2      | HP: 1/37 [kobold/stone (1)]
  1955 | D:1      | Reached XP level 5. HP: 23/43 MP: 5/5
  2265 | D:2      | Noticed Terence
  2270 | D:2      | Killed Terence
  2284 | D:2      | Noticed Robin
  2291 | D:2      | Reached XP level 6. HP: 43/49 MP: 6/6
  2445 | D:2      | Killed Robin
  2738 | D:2      | Reached skill level 5 in Staves
  2866 | D:2      | Noticed Natasha
  2872 | D:2      | Killed Natasha
  3052 | D:2      | Noticed Natasha
  3059 | D:2      | Killed Natasha
  3060 | D:2      | Reached skill level 5 in Fighting
  3556 | D:3      | Found Saojor's Weapon Shoppe.
  3943 | D:4      | Reached skill level 6 in Staves
  3943 | D:4      | Reached XP level 7. HP: 33/56 MP: 7/7
  3967 | D:4      | Found a sand-covered staircase.
  3973 | Ossuary  | Entered an ossuary
  3994 | Ossuary  | HP: 4/84 [centaur zombie (4)]
  3994 | Ossuary  | Slain by a centaur zombie

Illustrated notes

Levels and vault maps discovered:
D:1:      kb_arrival_jail, layout_loops_ring,
          shapermc_ecumenical_altar_mp_ritualfount, minmay_tripent
D:2:      layout_basic, minmay_nonomino_d4, uniq_robin, uniq_terence,
          uniq_natasha
D:3:      minmay_spotlight, layout_rooms, serial_shops, shop, minivault_23,
          lexackson_kobold_supper
D:4:      layout_basic, mainiacjoe_overflow_chevrons, overflow_temple_1_default,
          gup_ossuary_entry_pyramid, uniq_edmund
Ossuary:  ossuary_the_hunt_dpeg

Skill      XL: |  1  2  3  4  5  6 |
---------------+-------------------+-----
Staves         | 3 4 6 |  6.1
Fighting       | 4 5 |  5.0
Armour         | |  3.2
Shields        | |  3.6

Action                   |  1- 3 |  4- 6 |  7- 9 || total
-------------------------+-------+-------+-------++-------
Melee: Quarterstaff      |    83 |   257 |    15 ||   355
 Abil: Dig               |       |     5 |     1 ||     6
Evoke: Wand              |       |       |     5 ||     5
  Use: Scroll            |       |    13 |       ||    13
       Potion            |       |       |     5 ||     5
 Stab: Paralysed         |       |       |     3 ||     3
Armor: Scale mail        |     9 |       |       ||     9
       Chain mail        |    37 |   165 |    21 ||   223
       Skin              |       |       |   102 ||   102
Dodge: Dodged            |    35 |    75 |    10 ||   120
Block: Kite shield       |    47 |   165 |    50 ||   262

Table legend: (Time is in decaauts)
 A = Elapsed time spent in this place.
 B = Non-inter-level travel time spent in this place.
 C = Inter-level travel time spent in this place.
 D = Time resting spent in this place.
 E = Time spent auto-exploring this place.
 F = Levels seen in this place.
 G = Mean time per level.
                   A        B        C        D        E       F      G
               +--------+--------+--------+--------+--------+-----+--------+
         Total |   4096 |   3889 |    207 |   1054 |   1990 |   5 |  819.2 |
       Dungeon |   4074 |   3867 |    207 |   1054 |   1990 |   4 | 1018.5 |
       Ossuary |     22 |     22 |      0 |      0 |      0 |   1 |   22.0 |
               +--------+--------+--------+--------+--------+-----+--------+

Top non-repeatable levels by time:
     D:1: 2130 daAuts
     D:2: 1041 daAuts
     D:3: 810 daAuts
     D:4: 92 daAuts
 Ossuary: 22 daAuts
